2184 views
Uploaded 2023-10-10 14:20:55
Game version 1.36 (6115)
22:18 long 1on1 ladder game on (2)NorthernIsles_S2
Saved by Sonnenschein
2184 views
Uploaded 2023-10-10 14:20:55
Game version 1.36 (6115)
22:18 long 1on1 ladder game on (2)NorthernIsles_S2

40 units @ 5.7k
/ 0.7k
13 buildings @ 2.1k
/ 0.8k


| Rod of Necromancy | 1 | 150 |
| Sacrificial Skull | 1 | 50 |
| Orb of Corruption | 1 | 375 |
| Potion of Mana | 1 | 200 |
| Scroll of Town Portal | 4 | 1400 |
| total: | 8 | 2175g |
| Acolyte | 9 | 675 | / | 0 |
| Ghoul | 10 | 1200 | / | 0 |
| Obsidian Statue | 4 | 800 | / | 140 |
| Gargoyle | 17 | 2975 | / | 510 |
| total: | 40 | 5650g | / | 650w |
| Crypt | 2 | 400 | / | 100 |
| Altar of Darkness | 1 | 180 | / | 50 |
| Ziggurat | 6 | 900 | / | 300 |
| Tomb of Relics | 1 | 130 | / | 30 |
| Graveyard | 1 | 215 | / | 0 |
| Slaughterhouse | 2 | 280 | / | 270 |
| Halls of the Dead | 1 | 320 | / | 210 |
| Black Citadel | 1 | 325 | / | 230 |
| total: | 13 | 2105g | / | 750w |
| 0:02 | Acolyte |
| 0:06 | Crypt |
| 0:10 | Altar of Darkness |
| 0:13 | Acolyte |
| 0:32 | Ziggurat |
| 0:35 | Ziggurat |
| 0:51 | Tomb of Relics |
| 1:11 | Ghoul |
| 1:27 | Ghoul |
| 1:40 | Graveyard |
| 1:45 | Ghoul |
| 2:02 | Ziggurat |
| 2:13 | Ghoul |
| 2:22 | Carrion Beetles |
| 2:28 | Rod of Necromancy |
| 2:29 | Sacrificial Skull |
| 2:52 | Halls of the Dead |
| 3:02 | Ghoul |
| 3:24 | Ghoul |
| 3:28 | Ziggurat |
| 3:42 | Ghoul |
| 3:54 | Spiked Carapace |
| 4:12 | Ghoul |
| 4:14 | Unholy Strength |
| 4:15 | Unholy Armor |
| 5:21 | Slaughterhouse |
| 5:25 | Slaughterhouse |
| 5:35 | Carrion Beetles |
| 6:28 | Death Coil |
| 6:32 | Obsidian Statue |
| 6:38 | Scroll of Town Portal |
| 6:47 | Creature Attack |
| 7:56 | Black Citadel |
| 7:57 | Obsidian Statue |
| 8:37 | Gargoyle |
| 8:44 | Obsidian Statue |
| 8:46 | Improved Creature Attack |
| 9:32 | Ziggurat |
| 9:33 | Ziggurat |
| 9:40 | Gargoyle |
| 9:57 | Death Pact |
| 10:21 | Destroyer Form |
| 10:27 | Crypt |
| 10:52 | Gargoyle |
| 10:55 | Creature Carapace |
| 10:57 | Acolyte |
| 11:51 | Gargoyle |
| 12:48 | Orb of Corruption |
| 12:53 | Scroll of Town Portal |
| 13:16 | Gargoyle |
| 13:47 | Spiked Carapace |
| 13:49 | Gargoyle |
| 13:58 | Death Coil |
| 14:49 | Gargoyle |
| 15:03 | Gargoyle |
| 15:14 | Gargoyle |
| 15:16 | Acolyte |
| 15:30 | Gargoyle |
| 15:48 | Gargoyle |
| 16:13 | Death Pact |
| 16:21 | Scroll of Town Portal |
| 16:34 | Gargoyle |
| 17:07 | Obsidian Statue |
| 17:22 | Spiked Carapace |
| 18:08 | Gargoyle |
| 18:08 | Gargoyle |
| 18:08 | Gargoyle |
| 18:19 | Acolyte |
| 18:19 | Acolyte |
| 18:32 | Acolyte |
| 18:32 | Acolyte |
| 19:55 | Gargoyle |
| 20:43 | Gargoyle |
| 20:44 | Acolyte |
| 21:02 | Potion of Mana |
| 21:03 | Scroll of Town Portal |
| 21:18 | Ghoul |
| 21:42 | Ghoul |
| Right click | 649 |
| Select | 564 |
| Misc. action | 245 |
| Build/train/purchase | 95 |
| Use ability | 51 |
| Select group | 30 |
| Item give/drop | 6 |
| Assign group | 4 |
48 units @ 6k
/ 0.6k
14 buildings @ 2.4k
/ 0.6k


| Rod of Necromancy | 3 | 450 |
| Ritual Dagger | 2 | 250 |
| Potion of Mana | 7 | 1400 |
| Potion of Healing | 5 | 750 |
| Scroll of Healing | 2 | 500 |
| Scroll of Protection | 1 | 150 |
| Scroll of the Beast | 1 | 400 |
| total: | 21 | 3900g |
| Acolyte | 19 | 1425 | / | 0 |
| Ghoul | 10 | 1200 | / | 0 |
| Gargoyle | 19 | 3325 | / | 570 |
| total: | 48 | 5950g | / | 570w |
| Nerubian Tower | 1 | 100 | / | 20 |
| Spirit Tower | 3 | 435 | / | 120 |
| Crypt | 2 | 400 | / | 100 |
| Altar of Darkness | 1 | 180 | / | 50 |
| Ziggurat | 8 | 1200 | / | 400 |
| Tomb of Relics | 1 | 130 | / | 30 |
| Graveyard | 1 | 215 | / | 0 |
| Necropolis | 1 | 225 | / | 0 |
| Halls of the Dead | 1 | 320 | / | 210 |
| Black Citadel | 1 | 325 | / | 230 |
| total: | 14 | 2350g | / | 580w |
| 0:00 | Acolyte |
| 0:02 | Acolyte |
| 0:05 | Crypt |
| 0:13 | Altar of Darkness |
| 0:22 | Ziggurat |
| 0:30 | Acolyte |
| 0:50 | Ziggurat |
| 1:03 | Tomb of Relics |
| 1:17 | Ghoul |
| 1:29 | Ghoul |
| 1:44 | Ghoul |
| 1:49 | Ghoul |
| 2:06 | Ghoul |
| 2:13 | Rod of Necromancy |
| 2:15 | Frost Nova |
| 2:36 | Ghoul |
| 2:45 | Acolyte |
| 3:04 | Halls of the Dead |
| 3:16 | Frost Armor |
| 3:39 | Graveyard |
| 3:45 | Ghoul |
| 3:47 | Ritual Dagger |
| 4:15 | Ghoul |
| 4:46 | Frost Nova |
| 5:31 | Potion of Mana |
| 5:32 | Rod of Necromancy |
| 5:43 | Ziggurat |
| 5:45 | Ziggurat |
| 5:57 | Nerubian Tower |
| 6:25 | Death Coil |
| 6:33 | Potion of Mana |
| 6:34 | Potion of Healing |
| 6:34 | Rod of Necromancy |
| 6:43 | Ghoul |
| 6:45 | Gargoyle |
| 7:54 | Gargoyle |
| 7:55 | Crypt |
| 7:56 | Acolyte |
| 8:10 | Unholy Strength |
| 8:43 | Gargoyle |
| 9:13 | Gargoyle |
| 9:17 | Potion of Healing |
| 9:18 | Potion of Mana |
| 9:26 | Ritual Dagger |
| 9:35 | Gargoyle |
| 9:38 | Gargoyle |
| 9:40 | Unholy Armor |
| 9:50 | Acolyte |
| 10:16 | Gargoyle |
| 10:32 | Acolyte |
| 10:33 | Acolyte |
| 10:45 | Gargoyle |
| 10:47 | Unholy Aura |
| 10:55 | Ziggurat |
| 11:25 | Gargoyle |
| 11:27 | Improved Unholy Strength |
| 11:54 | Gargoyle |
| 11:55 | Improved Unholy Armor |
| 11:57 | Spirit Tower |
| 12:16 | Frost Armor |
| 12:21 | Gargoyle |
| 12:46 | Acolyte |
| 12:47 | Acolyte |
| 13:00 | Scroll of Healing |
| 13:32 | Scroll of the Beast |
| 14:04 | Unholy Aura |
| 14:44 | Frost Nova |
| 14:55 | Death Coil |
| 15:09 | Gargoyle |
| 15:20 | Necropolis |
| 15:21 | Ziggurat |
| 15:22 | Gargoyle |
| 15:25 | Creature Attack |
| 15:34 | Acolyte |
| 16:12 | Acolyte |
| 16:13 | Acolyte |
| 16:13 | Acolyte |
| 16:13 | Acolyte |
| 16:29 | Ghoul |
| 16:32 | Scroll of Healing |
| 16:33 | Scroll of Protection |
| 16:52 | Potion of Mana |
| 16:52 | Potion of Mana |
| 16:53 | Potion of Healing |
| 16:56 | Potion of Healing |
| 17:48 | Gargoyle |
| 17:49 | Gargoyle |
| 18:10 | Black Citadel |
| 18:11 | Gargoyle |
| 18:37 | Ziggurat |
| 18:38 | Ziggurat |
| 18:48 | Gargoyle |
| 19:24 | Gargoyle |
| 19:29 | Spirit Tower |
| 20:15 | Spirit Tower |
| 20:42 | Acolyte |
| 20:42 | Acolyte |
| 21:00 | Acolyte |
| 21:02 | Acolyte |
| 21:05 | Gargoyle |
| 21:17 | Advanced Unholy Strength |
| 21:28 | Potion of Mana |
| 21:32 | Potion of Mana |
| 21:43 | Potion of Healing |
| Right click | 1984 |
| Select | 595 |
| Select group | 159 |
| Build/train/purchase | 120 |
| Use ability | 62 |
| Assign group | 42 |
| Misc. action | 39 |
| Item give/drop | 8 |
| Remove unit | 8 |